 Dungeon Crawl Stone Soup version 0.28-a0-802-g09f76e8c00 (webtiles) character file.

Game seed: 13841195458280269197

307 bande the Covered (level 6, -11/39 HPs)
             Began as a Gargoyle Fighter on Nov 7, 2021.
             Mangled by an ogre (21 damage)
             ... on level 5 of the Dungeon.
             The game lasted 00:08:04 (4418 turns).

bande the Covered (Gargoyle Fighter)                Turns: 4418, Time: 00:08:06

Health: -11/39     AC: 15    Str: 20    XL:     6   Next: 40%
Magic:  6/6        EV:  7    Int:  9    God:
Gold:   194        SH:  4    Dex: 10    Spells: 5/5 levels left

rFire   . . .      SeeInvis +   a - +1 war axe
rCold   . . .      Faith    .   c - +0 buckler
rNeg    + . .      Spirit   .   f - +0 chain mail
rPois   ∞          Reflect  .   (no helmet)
rElec   +          Harm     .   (no cloak)
rCorr   .          Rampage  .   (no gloves)
Will    .....                   j - +0 pair of boots
Stlth   ..........              (no amulet)
HPRegen 0.13/turn               e - ring of see invisible
MPRegen 0.10/turn               (no ring)

@: no status effects
A: sickness immunity, AC +4, negative energy resistance 1, electricity
resistance, torment resistance 1, petrification resistance
a: no special abilities


You were on level 5 of the Dungeon.
You visited 1 branch of the dungeon, and saw 5 of its levels.

You collected 194 gold pieces.

Inventory:

Hand Weapons
 a - a +1 war axe (weapon)
 m - a +0 morningstar
Armour
 c - a +0 buckler (worn)
 f - a +0 chain mail (worn)
 j - a +0 pair of boots (worn)
Jewellery
 e - a ring of see invisible (left hand)
 h - a ring of wizardry
Scrolls
 k - a scroll of amnesia
 n - 3 scrolls of magic mapping
 p - a scroll of blinking
Potions
 b - a potion of haste {unknown}
 d - 3 potions of might
 g - 3 potions of curing
 i - a potion of heal wounds {unknown}
 l - a potion of flight {unknown}
 o - a potion of mutation {unknown}


   Skills:
 + Level 4.3 Fighting
 + Level 4.2 Axes
 + Level 4.5 Armour
 + Level 4.2 Shields


You had 5 spell levels left.
You didn't know any spells.
Your spell library contained the following spells:

 Spells                   Type           Power      Damage    Failure   Level
 Frozen Ramparts          Ice            0%         1d2       100%        3
 Gell's Gravitas          Tloc           0%         N/A       100%        3
 Teleport Other           Tloc           0%         N/A       100%        3
 Ice Form                 Ice/Tmut       0%         N/A       100%        4
 Summon Ice Beast         Ice/Summ       0%         N/A       100%        4
 Dispersal                Tloc           0%         N/A       100%        6


Dungeon Overview and Level Annotations

Branches:
Dungeon (5/15)
 Temple: D:4-7

Altars:
Hepliaklqana
Nemelex Xobeh
Wu Jian
The Shining One


Innate Abilities, Weirdness & Mutations

You are immune to sickness and miasma.
Your stone body is resilient. (AC +4)
You are immune to poison.
You resist negative energy. (rN+)
You are resistant to electric shocks. (rElec)
You are resistant to unholy torment.
You are immune to petrification.


Message History

Cornered, the scorpion turns to fight!
Found a scroll of magic mapping.
The ogre pleads, "Please!
I have a lot of children!"
A howler monkey zombie comes into view.
Found a scroll labelled LEKYSHRO LYUTUTUS.
A centaur skeleton comes into view.
You block the scorpion's attack. The centaur skeleton barely misses you.
The centaur skeleton kicks you but does no damage.
The centaur skeleton hits you but does no damage.
The centaur skeleton kicks you but does no damage.
Found a book of Rime.
The scorpion stings you but does no damage.
You block the scorpion's attack.
You see here a book of Rime.
You pick up a book of Rime and begin reading...
You add the spells Frozen Ramparts, Ice Form and Summon Ice Beast to your library.
The scorpion stings you but does no damage.
The scorpion barely misses you. The scorpion barely misses you.
The scorpion stings you.
* * * LOW HITPOINT WARNING * * *
The scorpion barely misses you.
The scorpion stings you but does no damage.
The scorpion stings you.
* * * LOW HITPOINT WARNING * * *
The jelly quivers.
The scorpion stings you but does no damage.
The jelly hits you but does no damage.
Found a stone staircase leading up.
You block the jelly's attack.
An ogre comes into view. It is wielding a +0 giant club.
The ogre shouts!
The ogre closely misses you.
You slash the ogre!
The ogre is heavily wounded.
You hit the jelly.
Your hands burn!
* * * LOW HITPOINT WARNING * * *
The ogre hits you with a +0 giant club!!
Ouch! That really hurt!
You die...

#################
######.........Z.s...#
#......#############.#
###.########## #.#
#####Z..Z....<...# #.#
...........#####O#
##.# #.####...#.#
#@########..# #.#
#...#.# #.Js..Z....##
#.# #...#.#
##########.# #.#
###.#.# #.# ..# #.#.#
#.# .## ##.#.## #.#
#.#####.....## #.#
##...O†...#..# #..
#.#####......##### .#


You could see an ogre, a scorpion, a jelly and a howler monkey zombie.

Vanquished Creatures
  A scorpion (D:4)
  A hound (D:5)
  A jelly (D:4)
  A gnoll shaman (D:4)
  2 gnolls (D:4)
  4 adders
  A howler monkey skeleton (D:4)
  A worm (D:5)
  2 dart slugs (D:1)
  3 orcs
  7 ball pythons
  5 bats
  9 endoplasms
  7 giant cockroaches
  8 goblins
  8 hobgoblins
  6 kobolds
  6 quokkas
  2 frilled lizards (D:1)
  9 rats
84 creatures vanquished.

Notes
Turn   | Place    | Note
-------+----------+-------------------------------------------
     0 | D:1      | bande the Gargoyle Fighter began the quest for the Orb.
     0 | D:1      | Reached XP level 1. HP: 14/14 MP: 1/1
   168 | D:1      | Reached XP level 2. HP: 9/19 MP: 2/2
   696 | D:1      | Reached XP level 3. HP: 23/23 MP: 3/3
   875 | D:1      | Found a faded altar of an unknown god.
  1616 | D:2      | Found a hazy altar of Hepliaklqana.
  1655 | D:2      | Reached XP level 4. HP: 29/29 MP: 4/4
  2387 | D:3      | Found an ornate altar of the Wu Jian Council.
  2599 | D:3      | Found a sparkling altar of Nemelex Xobeh.
  2835 | D:3      | Found a hazy altar of Hepliaklqana.
  3252 | D:4      | Reached XP level 5. HP: 28/33 MP: 5/5
  3655 | D:4      | Reached XP level 6. HP: 38/38 MP: 6/6
  3916 | D:4      | Found a glowing golden altar of the Shining One.
  3991 | D:5      | Entered Level 5 of the Dungeon
  4418 | D:5      | Mangled by an ogre

Illustrated notes

Levels and vault maps discovered:
D:1:      ebering_trefoil_3fold, layout_basic,
          dreamdust_ecumenical_altar_angels_and_demons
D:2:      layout_basic, basic_altar, minmay_worlds_worst_comb
D:3:      layout_basic, mainiacjoe_overflow_concentric_impassable,
          worldfamousw_hep_ancestral_shrine, nicolae_wu_jian_wuxing_cycle,
          serial_glass, glass_columns_b, glass_columns_a, item_on_display_b
D:4:      layout_rooms, nicolae_tso_swordbearing_angel
D:5:      layout_loops_ring, minmay_temple_entry_hall

Skill      XL: |  1  2  3  4  5  6 |
---------------+-------------------+-----
Axes           | 2 3 4 |  4.2
Armour         | 4 |  4.5
Shields        | 4 |  4.2
Fighting       | 4 |  4.3

Action                   |  1- 3 |  4- 6 || total
-------------------------+-------+-------++-------
Melee: War axe           |   126 |   177 ||   303
  Use: Scroll            |     2 |     8 ||    10
Armor: Chain mail        |    77 |   152 ||   229
Dodge: Dodged            |    51 |    83 ||   134
Block: Buckler           |    31 |    48 ||    79

Table legend: (Time is in decaauts)
 A = Elapsed time spent in this place.
 B = Non-inter-level travel time spent in this place.
 C = Inter-level travel time spent in this place.
 D = Time resting spent in this place.
 E = Time spent auto-exploring this place.
 F = Levels seen in this place.
 G = Mean time per level.
                   A        B        C        D        E       F      G
               +--------+--------+--------+--------+--------+-----+--------+
         Total |   4530 |   4499 |     31 |    953 |   2577 |   5 |  906.0 |
       Dungeon |   4530 |   4499 |     31 |    953 |   2577 |   5 |  906.0 |
               +--------+--------+--------+--------+--------+-----+--------+

Top non-repeatable levels by time:
     D:1: 1228 daAuts
     D:3: 1081 daAuts
     D:4: 1040 daAuts
     D:2: 995 daAuts
     D:5: 185 daAuts
